 Dungeon Crawl Stone Soup version 0.29.1-15-g9cfb28693d (webtiles) character file.

Game seed: 13566304526072101663

10265 Getaro the Severer (level 11, -3/145 HPs)
             Began as a Minotaur Berserker on Nov 28, 2023.
             Was a High Priest of Trog.
             Slain by an ogre
             ... wielding a +0 giant club
             ... led by Lodul
              (15 damage)
             ... on level 10 of the Dungeon.
             The game lasted 01:24:40 (12132 turns).

Getaro the Severer (Minotaur Berserker)            Turns: 12132, Time: 01:24:40

Health: -3/145     AC: 25    Str: 26    XL:     11   Next: 33%
Magic:  0/10       EV:  2    Int:  4    God:    Trog [*****.]
Gold:   914        SH:  6    Dex: 10    Spells: 10/10 levels left

rFire   . . .      SeeInvis .   y - +5 war axe
rCold   . . .      Faith    .   e - +1 buckler
rNeg    . . .      Spirit   +   (body armour currently unavailable)
rPois   +          Reflect  .   (helmet currently unavailable)
rElec   .          Harm     .   (cloak currently unavailable)
rCorr   .          Rampage  .   (gloves currently unavailable)
Will    +....      NoTele   +   (boots currently unavailable)
Stlth   +.........              b - amulet of guardian spirit
HPRegen 0.34/turn               A - ring of poison resistance
MPRegen 0.12/turn               u - ring of willpower

@: tree-form, on berserk cooldown, slowed, very slow
A: stationary, stasis, torment immunity, boosted hp, (horns 2), (retaliatory
headbutt)
a: Renounce Religion, Berserk, Trog's Hand, Brothers in Arms


You were on level 10 of the Dungeon.
You worshipped Trog.
Trog was extremely pleased with you.
You were a tree.
You visited 3 branches of the dungeon, and saw 12 of its levels.

You collected 914 gold pieces.

Inventory:

Hand Weapons
 y - a +5 war axe (weapon)
 E - a +0 hand axe of holy wrath
Missiles
 i - 63 stones
 j - 41 poisoned darts
 m - a datura-tipped dart (quivered)
 D - 4 atropa-tipped darts
 G - 3 curare-tipped darts
Armour
 c - a +1 chain mail (melded)
 e - a +1 buckler (worn)
 h - a +2 pair of gloves (melded)
 k - a +1 cloak of stealth (melded)
 s - a +2 pair of boots (melded)
Jewellery
 b - an amulet of guardian spirit (around neck)
 u - a ring of willpower (right branch)
 A - a ring of poison resistance (left branch)
Scrolls
 f - 2 scrolls of fear
 p - 2 scrolls of poison
 q - 5 scrolls of teleportation
Potions
 a - 2 potions of mutation {unknown}
 d - 4 potions of degeneration
 g - 2 potions of heal wounds
 l - a potion of flight
 n - a potion of lignification
 o - a potion of invisibility
 r - a potion of resistance
 t - 2 potions of cancellation
 v - a potion of brilliance {unknown}
 w - a potion of experience {unknown}
 x - 2 potions of berserk rage
 z - a potion of curing
 B - a potion of might {unknown}
 C - 2 potions of haste


   Skills:
 + Level 9.3 Fighting
 + Level 16.7 Axes
 - Level 0.6 Throwing
 + Level 4.8 Armour
 * Level 4.1 Dodging
 - Level 1.2 Stealth
 * Level 8.3 Shields


You had 10 spell levels left.
You didn't know any spells.
Your spell library was empty.

Dungeon Overview and Level Annotations

Branches:
Dungeon (10/15)            Temple (1/1) D:4             Orc (1/2) D:10
   Lair: D:8-11

Altars:
Ashenzari
Cheibriados
Dithmenos
Elyvilon
Fedhas
Gozag
Hepliaklqana
Kikubaaqudgha
Makhleb
Nemelex Xobeh
Okawaru
Qazlal
Ru
Sif Muna
Trog
Uskayaw
Vehumet
Wu Jian
Xom
Yredelemnul
Zin
The Shining One

Shops:
D:10 (

Annotations:
D:8 4 transporters
D:10 Lodul


Innate Abilities, Weirdness & Mutations

You are a tree.
Your roots penetrate the ground, keeping you stationary.
You cannot be teleported.
You are immune to unholy pain and torment.
Your maximum health is greatly increased.
Your equipment is partially melded.
((You have a pair of horns on your head.))
((You reflexively headbutt those who attack you in melee.))


Message History

An ogre comes into view. It is wielding a +0 giant club.
The ogre shouts!
You hear a shout!
You feel your anger nearly subside.
You are no longer berserk.
You are exhausted.
You feel yourself slow down.
You turn into a tree.
Your +1 cloak of stealth melds into your body.
Your +2 pair of gloves melds into your body.
Your +2 pair of boots melds into your body.
Your +1 chain mail melds into your body.
You feel less stealthy.
Your roots penetrate the ground.
Electricity crackles from Lodul's apparatus.
The bolt of lightning hits you!!
An ogre comes into view. It is wielding a +0 giant spiked club.
You barely miss the ogre.
The killer bee buzzes angrily.
An ogre comes into view. It is wielding a +0 giant club.
You block the ogre's attack.
You hit the ogre but do no damage.
Electricity crackles from Lodul's apparatus.
The bolt of lightning hits you!!
The ogre hits you with a +0 giant club!!
* * * LOW HITPOINT WARNING * * *
You are too injured to fight recklessly!
You are too injured to fight recklessly!
You hit the ogre.
The ogre is moderately wounded.
The ogre hits you but does no damage.
You hit the ogre.
The ogre is moderately wounded.
You barely miss the ogre.
The ogre is moderately wounded.
You are no longer corroded.
You block the ogre's attack.
Electricity crackles from Lodul's apparatus.
The bolt of lightning hits you!!
* * * LOW HITPOINT WARNING * * *
You cannot teleport because you are held in place by your roots.
You feel better. The ogre hits you with a +0 giant club!
You die...

#.# #.....#~~≈~.≈≈# #.#
##..........≈## #.#
#####....~~## . #.#
####.~#### ..# #.# #......
.... #.##################.
..... #....................
.O...O#####################
....OOyOOO♣................
.....O#####################
..#.. ... ###


You could see Lodul, 6 ogres and a killer bee.

Vanquished Creatures
  2 two-headed ogres
  Erica (D:9)
  Pikel (D:6)
  Maggie (D:9)
  A troll (D:9)
  Sigmund (D:3)
  14 yaks
  A wyvern (D:8)
  A steam dragon (D:8)
  An acid dragon (D:10)
  A water moccasin (D:6)
  A sky beast (D:7)
  2 ice beasts
  11 orc warriors
  5 black bears
  2 ogres
  A centaur (D:5)
  A lemure (D:6)
  2 kobold brigands
  3 scorpions
  A bullfrog (D:7)
  A water moccasin zombie (D:5)
  12 wights
  4 killer bees (D:7)
  2 electric eels (D:10)
  2 bullfrog zombies (D:5)
  Crazy Yiuf (D:2)
  5 hounds
  13 orc priests
  2 iguanas (D:5)
  Jessica (D:3)
  A gnoll bouda (D:10)
  14 orc wizards
  A scorpion zombie (D:5)
  2 howler monkey zombies (D:5)
  16 gnolls
  6 adders
  2 shadow imps (D:7)
  3 white imps
  3 worms
  3 dart slugs
  65 orcs
  9 ball pythons
  10 bats
  7 endoplasms
  3 giant cockroaches
  16 hobgoblins
  3 jackals (D:4)
  18 kobolds
  A quokka (D:2)
  7 frilled lizards
  23 goblins
  6 rats
316 creatures vanquished.

Vanquished Creatures (others)
  2 orc wizards (D:9)
  An orc (D:9)
  A fungus (D:6)
  A plant (D:5)
5 creatures vanquished.

Grand Total: 321 creatures vanquished

Notes
Turn   | Place    | Note
-------+----------+-------------------------------------------
     0 | D:1      | Getaro the Minotaur Berserker began the quest for the Orb.
     0 | D:1      | Reached XP level 1. HP: 19/19 MP: 0/0
   347 | D:1      | Reached skill level 4 in Axes
   392 | D:1      | Reached XP level 2. HP: 26/27 MP: 1/1
   635 | D:1      | Reached XP level 3. HP: 32/33 MP: 2/2
  1212 | D:2      | Reached skill level 5 in Axes
  1452 | D:2      | You fall into a shaft and drop 1 floor!
  1465 | D:3      | Reached ** piety under Trog
  1467 | D:3      | Reached XP level 4. HP: 40/40 MP: 3/3
  1731 | D:3      | Reached skill level 6 in Axes
  1830 | D:2      | Found a faded altar of an unknown god.
  2017 | D:2      | Reached XP level 5. HP: 47/47 MP: 4/4
  2065 | D:2      | Noticed an ogre
  2069 | D:2      | Killed an ogre
  2298 | D:2      | Found a runed translucent door.
  2298 | D:2      | Identified the +8 hammer "Ugupubry" {vorpal, *Slow rElec
                  | rPois Stlth+}
  2299 | D:2      | Noticed Crazy Yiuf
  2305 | D:2      | Killed Crazy Yiuf
  2306 | D:2      | Reached skill level 7 in Axes
  2638 | D:3      | Noticed Jessica
  2645 | D:3      | Killed Jessica
  2646 | D:3      | Reached XP level 6. HP: 55/55 MP: 5/5
  2847 | D:3      | Found a shadowy altar of Dithmenos.
  2925 | D:3      | Identified the +7 trident of the Scorching Enemy {protect,
                  | rElec rN+}
  3130 | D:3      | Noticed Sigmund
  3135 | D:3      | Killed Sigmund
  3136 | D:3      | Reached skill level 5 in Fighting
  3136 | D:3      | Reached skill level 8 in Axes
  3490 | D:4      | Reached skill level 1 in Shields
  3490 | D:4      | Reached XP level 7. HP: 60/61 MP: 6/6
  3687 | D:4      | Reached skill level 9 in Axes
  3727 | D:4      | Found a staircase to the Ecumenical Temple.
  3739 | Temple   | Entered the Ecumenical Temple
  4163 | D:4      | Found a radiant altar of Vehumet.
  4621 | D:5      | Entered Level 5 of the Dungeon
  4682 | D:5      | Found a basalt altar of Yredelemnul.
  4734 | D:5      | Reached skill level 10 in Axes
  4819 | D:5      | Reached XP level 8. HP: 69/69 MP: 7/7
  4975 | D:5      | Reached *** piety under Trog
  4981 | D:5      | Reached skill level 11 in Axes
  5651 | D:5      | Reached **** piety under Trog
  6218 | D:6      | Reached skill level 12 in Axes
  6218 | D:6      | Reached skill level 1 in Stealth
  6240 | D:6      | Found a sparkling altar of Nemelex Xobeh.
  6286 | D:6      | Reached XP level 9. HP: 77/77 MP: 8/8
  6743 | D:6      | Noticed Pikel
  6759 | D:6      | Killed Pikel
  6760 | D:6      | Reached skill level 13 in Axes
  7050 | D:7      | Reached skill level 5 in Shields
  7231 | D:7      | Reached skill level 14 in Axes
  7659 | D:8      | Reached XP level 10. HP: 67/86 MP: 7/9
  7836 | D:8      | Noticed a two-headed ogre
  7846 | D:8      | Killed a two-headed ogre
  7847 | D:8      | Reached skill level 15 in Axes
  8040 | D:8      | Found a transporter.
  8043 | D:8      | Found a transporter.
  8048 | D:8      | Found a transporter.
  8128 | D:8      | Found a transporter.
  8915 | D:9      | Noticed Erica
  8927 | D:9      | Killed Erica
  8928 | D:9      | Reached skill level 16 in Axes
  9341 | D:9      | Found an iron altar of Okawaru.
  9826 | D:9      | Noticed a two-headed ogre
  9834 | D:9      | Killed a two-headed ogre
  9876 | D:9      | Noticed Maggie
  9891 | D:9      | Killed Maggie
  9892 | D:9      | Reached XP level 11. HP: 85/95 MP: 8/10
 10234 | D:10     | Entered Level 10 of the Dungeon
 10423 | D:10     | Found a flagged portal.
 10431 | D:10     | Reached ***** piety under Trog
 10532 | D:10     | Found Qyeroiri's Weapon Shop.
 10533 | D:10     | Found a staircase to the Orcish Mines.
 10600 | Orc:1    | Entered Level 1 of the Orcish Mines
 11975 | D:10     | Found a burning altar of Makhleb.
 12114 | D:10     | Noticed Lodul
 12131 | D:10     | HP: 5/145 [Lodul/bolt of lightning (26)]
 12132 | D:10     | Slain by an ogre

Illustrated notes

Levels and vault maps discovered:
D:1:      lordsloth_arrival_two_stooges, layout_loops_ring, amethyst_killhole
D:2:      wad_river_or_something, layout_loops_ring,
          nicolae_ecumenical_pavilion, uniq_crazy_yiuf_cottage
D:3:      layout_loops_corners, grunt_dithmenos_smoke_and_mirrors, uniq_sigmund,
          uniq_jessica
D:4:      layout_loops_corners, mainiacjoe_overflow_brackets,
          minmay_temple_entry_poolview
D:5:      corexii_shantytown, layout_loops_ring,
          nicolae_yredelemnul_corpse_copse, sigmund_army
D:6:      layout_rooms, kennysheep_mini_moat, minivault_26, dk_noncrumbling_3,
          dreamdust_gnoll_farm, uniq_pikel
D:7:      layout_basic, hangedman_abyss_or_decor_lesser_grid
D:8:      layout_basic, nicolae_transporter_circle
D:9:      layout_roguey, kennysheep_okawaru_gauntlet, serial_corexii_hall,
          chequers_hall_statues_corner_a, corexii_hall_statues_x, uniq_maggie,
          uniq_erica
D:10:     layout_basic, mainiacjoe_overflow_boulevard, lair_entry_dummy,
          orc_david_3, enter_bailey_5, st_stairs_2, uniq_lodul
Temple:   nicolae_temple_slightly_damp_pantheon
Orc:1:    layout_caves

Skill      XL: |  1  2  3  4  5  6  7  8  9 10 11 |
---------------+----------------------------------+-----
Axes           | 4 5 6 7 8 10 12 14 16 | 16.7
Fighting       | 4 5 6 7 8 9 |  9.3
Shields        | 1 2 4 6 7 8 |  8.3
Stealth        | 1 |  1.2
Armour         | 3 4 |  4.8
Dodging        | 3 4 |  4.1
Throwing       | |  0.6

Action                   |  1- 3 |  4- 6 |  7- 9 | 10-12 || total
-------------------------+-------+-------+-------+-------++-------
Melee: Hand axe          |    59 |    90 |   322 |     3 ||   474
       Headbutt          |     5 |    10 |    55 |    38 ||   108
       War axe           |       |       |       |   244 ||   244
Throw: Stone             |       |     1 |     2 |       ||     3
       Dart              |       |       |       |     3 ||     3
Invok: Berserk           |     3 |     5 |     8 |     6 ||    22
  Use: Scroll            |     4 |     7 |    14 |     2 ||    27
       Potion            |     1 |       |     1 |     4 ||     6
Armor: Animal skin       |     5 |       |       |       ||     5
       Leather armour    |     4 |       |       |       ||     4
       Chain mail        |       |    34 |   132 |    70 ||   236
       Skin              |       |       |       |     1 ||     1
Dodge: Dodged            |    29 |    24 |   106 |    65 ||   224
Block: Buckler           |     2 |     9 |    67 |    56 ||   134
